 Dungeon Crawl Stone Soup version 0.30-a0-585-g93115170b9 (webtiles) character file.

Game seed: 5706508552468298241

107 BlackLaughter the Chiller (level 4, 0/30 HPs)
             Began as a Vampire Ice Elementalist on Jan 2, 2023.
             Was an Initiate of Nemelex Xobeh.
             Succumbed to Crazy Yiuf's poison
             ... on level 3 of the Dungeon.
             The game lasted 00:23:27 (2226 turns).

BlackLaughter the Chiller (VpIE)                    Turns: 2226, Time: 00:23:28

Health: 0/30       AC:  5    Str:  7    XL:     4   Next: 57%
Magic:  6/8        EV: 10    Int: 19    God:    Nemelex Xobeh [......]
Gold:   79         SH:  0    Dex: 14    Spells: 7/8 levels left

rFire   . . .      SeeInvis +    e - +0 short sword
rCold   . . .      Faith    .    (no shield)
rNeg    . . .      Spirit   .    h - +0 ring mail
rPois   .          Reflect  .    (no helmet)
rElec   .          Harm     .    (no cloak)
rCorr   .          Rampage  .    (no gloves)
Will    .....                    (no boots)
Stlth   ++                       (no amulet)
HPRegen 0.45/turn                (no ring)
MPRegen 0.11/turn                (no ring)

@: lethally poisoned (0 -> -4), healing quickly
A: alive, fangs 3, see invisible, vampiric 2
a: Exsanguinate, Renounce Religion, Draw Escape, Draw Destruction, Draw
Summoning


You were on level 3 of the Dungeon.
You worshipped Nemelex Xobeh.
Nemelex Xobeh was noncommittal.
You visited 1 branch of the dungeon, and saw 3 of its levels.

You collected 79 gold pieces.

Inventory:

Hand Weapons
 e - a +0 short sword (weapon)
Armour
 a - a +0 robe
 d - a +0 leather armour
 h - a +0 ring mail (worn)
 k - a +0 ring mail
Scrolls
 c - a scroll of immolation {unknown}
 j - a scroll of enchant armour {unknown}
 l - a scroll of identify {unknown}
 m - a scroll of torment {unknown}
 n - a scroll of enchant weapon {unknown}
 p - a scroll of vulnerability {unknown}
 r - a scroll of brand weapon {unknown}
Potions
 b - a potion of magic
 f - 2 potions of heal wounds {unknown}
 g - a potion of resistance {unknown}
 i - 3 potions of curing {unknown}
 o - a potion of haste {unknown}
 q - 2 potions of might {unknown}
 s - a potion of mutation {unknown}


   Skills:
 + Level 1.4 Short Blades
 + Level 1.1 Armour
 + Level 2.2 Dodging
 + Level 3.4 Stealth
 + Level 2.9 Spellcasting
 + Level 4.7 Ice Magic


You had 7 spell levels left.
You knew the following spells:

 Your Spells              Type           Power      Damage    Failure   Level
a - Freeze                Ice            80%        1d9       8%          1

Your spell library contained the following spells:

 Spells                   Type           Power      Damage    Failure   Level
 Frozen Ramparts          Ice            40%        1d7       22%         3
 Ozocubu's Armour         Ice            20%        N/A       22%         3
 Ensorcelled Hibernation  Hex/Ice        22%        N/A       30%         2
 Passwall                 Tmut/Erth      1%         N/A       63%         2
 Swiftness                Air            2%         N/A       85%         3
 Summon Ice Beast         Ice/Summ       11%        N/A       89%         4


Dungeon Overview and Level Annotations

Branches:
Dungeon (3/15)

Altars:
Nemelex Xobeh

Annotations:
D:3 Crazy Yiuf


Innate Abilities, Weirdness & Mutations

Your natural rate of healing is accelerated.
You have razor-sharp teeth.
You have supernaturally acute eyesight. (SInv)
You are afflicted with vampirism and can become a bat while bloodless.


Message History

a +0 club; 7 poisoned darts
Things that are here:
a +0 club; 7 poisoned darts
Found a hammer.
Found a runed translucent door.
Crazy Yiuf shouts!
Crazy Yiuf whimpers, "Citrus leg action!"
You open the door.
Crazy Yiuf is nearby!
Aiming: Freeze (safe; 8% risk of failure)
Press: ? - help, Q - select action, (/) - cycle Shift-Dir - straight line, f - Crazy Yiuf
Aim: Crazy Yiuf, wielding a +2 quarterstaff of chaos and wearing a +0 cloak of stealth You freeze Crazy Yiuf!
Crazy Yiuf is heavily wounded.
Crazy Yiuf hits you with a +2 quarterstaff of chaos!
You are poisoned.
You hit Crazy Yiuf but do no damage.
Crazy Yiuf is heavily wounded.
You feel very sick.
Crazy Yiuf hits you with a +2 quarterstaff of chaos.
Crazy Yiuf freezes you.
Aiming: Freeze (safe; 8% risk of failure)
Press: ? - help, Q - select action, (/) - cycle Shift-Dir - straight line, f/p - Crazy Yiuf
Aim: Crazy Yiuf, wielding a +2 quarterstaff of chaos and wearing a +0 cloak of stealth (heavily wounded)
You freeze Crazy Yiuf.
Crazy Yiuf is severely wounded.
* * * LOW HITPOINT WARNING * * *
You feel very sick.
Crazy Yiuf hits you with a +2 quarterstaff of chaos.
* * * LOW HITPOINT WARNING * * *
Crazy Yiuf burns you.
* * * LOW HITPOINT WARNING * * *
Crazy Yiuf attacks as you move away! Crazy Yiuf closely misses you.
* * * LOW HITPOINT WARNING * * *
You feel sick. Crazy Yiuf attacks as you move away!
Crazy Yiuf barely misses you.
* * * LOW HITPOINT WARNING * * *
You feel sick.
Crazy Yiuf twirls on the spot.
You die...
Your body disappears without a glow.

############ ...........#
.###.......# #.<.....#
#.##.##.#####♣♣ ###
#>##.##.......♣♣ ♣♣#..)#
.....##.#......♣♣♣♣.'...#
#.#####.##......♣.g♣#...#
#.#####.###....♣@♣♣♣ ###
........# ###♣♣♣♣♣
#########


You could see Crazy Yiuf.

Vanquished Creatures
  4 adders
  3 gnolls (D:3)
  2 worms
  A dart slug (D:2)
  3 bats
  2 endoplasms (D:2)
  A giant cockroach (D:2)
  5 goblins
  6 hobgoblins
  3 kobolds
  2 quokkas
  2 ball pythons
  2 frilled lizards (D:2)
  A rat (D:1)
37 creatures vanquished.

Notes
Turn   | Place    | Note
-------+----------+-------------------------------------------
     0 | D:1      | BlackLaughter the Vampire Ice Elementalist began the quest
                  | for the Orb.
     0 | D:1      | Reached XP level 1. HP: 13/13 MP: 3/3
   613 | D:2      | Reached XP level 2. HP: 19/19 MP: 3/5
   749 | D:2      | Gained mutation: You are afflicted with vampirism and can
                  | become a bat while bloodless. [Vampire growth]
   749 | D:2      | Reached XP level 3. HP: 24/24 MP: 3/6
  1608 | D:3      | Found a sparkling altar of Nemelex Xobeh.
  1626 | D:3      | Reached XP level 4. HP: 22/30 MP: 8/8
  1628 | D:3      | Became a worshipper of Nemelex Xobeh the Trickster
  1843 | D:3      | Found a faded altar of an unknown god.
  1858 | D:3      | Reached skill level 1 in Armour
  1882 | D:3      | Reached skill level 1 in Short Blades
  2215 | D:3      | Found a runed translucent door.
  2216 | D:3      | Noticed Crazy Yiuf
  2225 | D:3      | HP: 1/30 [poisoned by Crazy Yiuf]
  2226 | D:3      | Succumbed to Crazy Yiuf's poison

Illustrated notes

Levels and vault maps discovered:
D:1:      dpeg_arrival_rhombus, layout_basic, serial_corexii_hall,
          corexii_hall_statues_i, chequers_hall_statues_corner_a
D:2:      layout_loops_corners
D:3:      layout_loops_ring, nicolae_overflow_crystal_walls,
          shapermc_ecumenical_altar_mp_vishouse, chequers_serial_rivers_large_a,
          chequers_arboretum, uniq_crazy_yiuf_cottage

Skill      XL: |  1  2  3  4 |
---------------+-------------+-----
Armour         | 1 |  1.1
Short Blades   | 1 |  1.4
Dodging        | |  2.2
Stealth        | |  3.4
Spellcasting   | |  2.9
Ice Magic      | |  4.7

Action                   |  1- 3 |  4- 6 || total
-------------------------+-------+-------++-------
Melee: Short sword       |    55 |    34 ||    89
       Unarmed           |     4 |       ||     4
       Bite              |     6 |     6 ||    12
 Cast: Freeze            |    28 |    10 ||    38
 Stab: Sleeping          |     4 |     1 ||     5
Armor: Leather armour    |     6 |       ||     6
       Ring mail         |    16 |     4 ||    20
Dodge: Dodged            |    38 |    22 ||    60

Table legend: (Time is in decaauts)
 A = Elapsed time spent in this place.
 B = Non-inter-level travel time spent in this place.
 C = Inter-level travel time spent in this place.
 D = Time resting spent in this place.
 E = Time spent auto-exploring this place.
 F = Levels seen in this place.
 G = Mean time per level.
                   A        B        C        D        E       F      G
               +--------+--------+--------+--------+--------+-----+--------+
         Total |   2223 |   2039 |    184 |     72 |   1582 |   3 |  741.0 |
       Dungeon |   2223 |   2039 |    184 |     72 |   1582 |   3 |  741.0 |
               +--------+--------+--------+--------+--------+-----+--------+

Top non-repeatable levels by time:
     D:2: 1082 daAuts
     D:3: 616 daAuts
     D:1: 524 daAuts
